 Dungeon Crawl Stone Soup version 0.26-a0-652-gafc20e3620 (webtiles) character file.

Game seed: 10848123513320898810

117 Conn the Conjurer (level 4, -9/24 HPs)
             Began as a Deep Elf Conjurer on Oct 4, 2020.
             Blown up by Ijyb (28 damage)
             ... with a disintegration bolt
             ... on level 3 of the Dungeon.
             The game lasted 00:06:49 (2225 turns).

Conn the Conjurer (Deep Elf Conjurer)               Turns: 2225, Time: 00:06:50

Health: -9/24      AC:  3    Str:  4    XL:     4   Next: 71%
Magic:  7/11       EV: 13    Int: 24    God:
Gold:   111        SH:  0    Dex: 13    Spells: 4/10 levels left

rFire    . . .     SeeInvis .   a - +1 dagger (flame)
rCold    . . .     Faith    +   (no shield)
rNeg     . . .     Spirit   .   i - +0 robe
rPois    .         Reflect  .   (no helmet)
rElec    .         Harm     .   c - +0 cloak
rCorr    .         Rampage  .   (no gloves)
MR       .....                  (no boots)
Stlth    ++........             o - amulet of faith
HPRegen  0.08/turn              (no ring)
MPRegen  0.12/turn              (no ring)

@: no status effects
A: no striking features
a: no special abilities


You were on level 3 of the Dungeon.
You visited 1 branch of the dungeon, and saw 3 of its levels.

You collected 111 gold pieces.

Inventory:

Hand Weapons
 a - a +1 dagger of flaming (weapon)
 b - a +0 hunting sling
 g - a +0 short sword
Missiles
 k - 2 datura-tipped darts
 m - 3 javelins
 r - 20 sling bullets
 t - a throwing net (quivered)
Armour
 c - a +0 cloak (worn)
 i - a +0 robe (worn)
Jewellery
 o - an amulet of faith (around neck)
Wands
 f - a wand of digging (5)
Scrolls
 d - 5 scrolls of identify {unknown}
 e - a scroll of teleportation {unknown}
 h - a scroll of immolation {unknown}
 p - 2 scrolls of remove curse {unknown}
 s - a scroll of fear {unknown}
Potions
 j - 2 potions of flight
 l - a potion of degeneration {unknown}
 n - a potion of might
 q - a potion of lignification


   Skills:
 + Level 0.2 Fighting
 + Level 0.3 Short Blades
 + Level 0.1 Throwing
 + Level 2.9 Dodging
 + Level 3.3 Stealth
 + Level 3.6 Spellcasting
 + Level 5.8 Conjurations


You had 4 spell levels left.
You knew the following spells:

 Your Spells              Type           Power        Failure   Level
a - Magic Dart            Conj           ####         1%          1
b - Searing Ray           Conj           ####..       1%          2
c - Dazzling Flash        Conj/Hex       ###...       9%          3

Your spell library contained the following spells:

 Spells                   Type           Power        Failure   Level
 Fulminant Prism          Conj/Hex       ###.......   30%         4
 Iskenderun's Mystic Bla  Conj/Tloc      ###.....     30%         4


Dungeon Overview and Level Annotations

Branches:
Dungeon (3/15)

Altars:
Gozag
Qazlal

Annotations:
D:3 2 transporters, Ijyb


Message History

Aiming: Searing Ray (safe; 1% risk of failure)
Press: ? - help, Shift-Dir - straight line, f - ball python
Aim: a ball python The searing ray hits the ball python!
You kill the ball python! (Press . to maintain the ray.) Ijyb zaps a wand.
You are blasted!
The searing ray hits Natasha!
Natasha is severely wounded.
Natasha casts a spell.
A leopard gecko comes into view.
Unknown command.
The searing ray hits Natasha!
You kill Natasha!
Natasha screams in pain as she dies!
The crimson imp disappears in a puff of smoke!
Unknown command.
Ijyb zaps a wand.
You are blasted!
Ouch! That really hurt!
You die...

..#
#.###.#.#...............
### #.#
#.............###.#. #
#.# #.###........####.#.
# ###.##.##
##..............
########....#.#
#............##
........[.....#
##.##.#########
########....#..###.###.#
# #.......#...## #.#
#.##.#####@## #[# #. #.#
#.# #.# #.
#>#####†#####.# #.
#.#...g........ #.
.#.#$......... #.
.....#####.# ....#§.#
###..l.## #.../.


You could see Ijyb and a leopard gecko (wandering).

Vanquished Creatures
  Terence (D:3)
  Natasha (D:3)
  3 worms (D:2)
  4 dart slugs (D:1)
  A leopard gecko (D:2)
  5 orcs (D:3)
  A ball python (D:3)
  A giant cockroach (D:3)
  4 goblins
  4 hobgoblins
  A quokka (D:2)
  6 bats
  3 frilled lizards
  6 kobolds
  4 rats
45 creatures vanquished.

Notes
Turn   | Place    | Note
-------+----------+-------------------------------------------
     0 | D:1      | Conn the Deep Elf Conjurer began the quest for the Orb.
     0 | D:1      | Reached XP level 1. HP: 10/10 MP: 6/6
   186 | D:1      | Reached XP level 2. HP: 15/15 MP: 6/8
   190 | D:1      | Learned a level 2 spell: Searing Ray
   437 | D:1      | Reached skill level 5 in Conjurations
   727 | D:1      | Reached XP level 3. HP: 19/19 MP: 6/9
  1084 | D:2      | Found a stormy altar of Qazlal.
  1204 | D:2      | Found an opulent altar of Gozag.
  1716 | D:2      | Learned a level 3 spell: Dazzling Flash
  1817 | D:3      | Found a transporter.
  1861 | D:3      | Found a transporter.
  1990 | D:3      | Noticed Terence
  2006 | D:3      | Killed Terence
  2006 | D:3      | Reached XP level 4. HP: 14/24 MP: 9/11
  2219 | D:3      | Noticed Natasha
  2219 | D:3      | Noticed Ijyb
  2224 | D:3      | Killed Natasha
  2225 | D:3      | Blown up by Ijyb

Illustrated notes

Levels and vault maps discovered:
D:1:      enne_arrival_octagon_isle, layout_basic
D:2:      layout_loops_ring, nicolae_gozag_seed_capital,
          nicolae_overflow_crystal_walls, due_unseen_surprise
D:3:      gammafunk_steamed_eel, layout_loops_ring, uniq_terence, uniq_natasha,
          uniq_robin, uniq_ijyb

Skill      XL: |  1  2  3 |
---------------+----------+-----
Conjurations   | 5 |  5.8
Stealth        | 3 |  3.3
Fighting       | |  0.2
Short Blades   | |  0.3
Throwing       | |  0.1
Dodging        | |  2.9
Spellcasting   | |  3.6

Action                   |  1- 3 |  4- 6 || total
-------------------------+-------+-------++-------
Melee: Short sword       |     8 |       ||     8
       Dagger            |     5 |       ||     5
Throw: Dart              |     2 |       ||     2
       Throwing net      |     1 |       ||     1
 Cast: Magic Dart        |    75 |     1 ||    76
       Searing Ray       |     1 |     1 ||     2
  Use: Potion            |     3 |       ||     3
 Stab: Sleeping          |     2 |       ||     2
Armor: Robe              |     4 |       ||     4
       Skin              |     2 |       ||     2
Dodge: Dodged            |    24 |       ||    24

Table legend: (Time is in decaauts)
 A = Elapsed time spent in this place.
 B = Non-inter-level travel time spent in this place.
 C = Inter-level travel time spent in this place.
 D = Time resting spent in this place.
 E = Time spent auto-exploring this place.
 F = Levels seen in this place.
 G = Mean time per level.
                   A        B        C        D        E       F      G
               +--------+--------+--------+--------+--------+-----+--------+
         Total |   2225 |   2182 |     43 |    422 |   1140 |   3 |  741.7 |
       Dungeon |   2225 |   2182 |     43 |    422 |   1140 |   3 |  741.7 |
               +--------+--------+--------+--------+--------+-----+--------+

Top non-repeatable levels by time:
     D:1: 904 daAuts
     D:2: 810 daAuts
     D:3: 510 daAuts
